 Dungeon Crawl Stone Soup version 0.27.1-15-g792fb953b9 (webtiles) character file.

Game seed: 3087642955087233513

137 zeram the Sneak (level 5, 0/29 HPs)
             Began as a Deep Elf Brigand on Nov 19, 2021.
             Slain by an adder (2 damage)
             ... on level 3 of the Dungeon.
             The game lasted 00:05:08 (4187 turns).

zeram the Sneak (Deep Elf Brigand)                  Turns: 4187, Time: 00:05:08

Health: 0/29       AC:  3    Str:  8    XL:     5   Next: 0%
Magic:  7/7        EV: 12    Int: 17    God:
Gold:   129        SH:  0    Dex: 16    Spells: 4/4 levels left

rFire    . . .     SeeInvis .   a - +2 dagger
rCold    . . .     Faith    .   (no shield)
rNeg     . . .     Spirit   .   b - +0 robe
rPois    .         Reflect  .   (no helmet)
rElec    .         Harm     .   c - +0 cloak
rCorr    .         Rampage  .   (no gloves)
Will     .....                  (no boots)
Stlth    ++++......             (no amulet)
HPRegen  0.09/turn              (no ring)
MPRegen  0.10/turn              (no ring)

@: hasted, very quick
A: no striking features
a: no special abilities


You were on level 3 of the Dungeon.
You visited 1 branch of the dungeon, and saw 4 of its levels.

You collected 129 gold pieces.

Inventory:

Hand Weapons
 a - a +2 dagger (weapon)
Missiles
 d - 13 poisoned darts (quivered)
 e - 2 curare-tipped darts
 j - 2 throwing nets
Armour
 b - a +0 robe (worn)
 c - a +0 cloak (worn)
Scrolls
 f - 2 scrolls of identify {unknown}
 h - a scroll of fear {unknown}
 i - a scroll of teleportation {unknown}
 k - a scroll of enchant weapon {unknown}


   Skills:
 - Level 1.5 Fighting
 - Level 2.1 Short Blades
 - Level 2.0 Throwing
 - Level 1.2 Dodging
 + Level 7.9 Stealth


You had 4 spell levels left.
You didn't know any spells.
Your spell library contained the following spells:

 Spells                   Type           Power      Damage    Failure   Level
 Conjure Flame            Conj/Fire      0%         6-21      56%         3
 Ignite Poison            Fire/Tmut/Pois 0%         N/A       56%         3
 Sticky Flame             Conj/Fire      0%         2d3       93%         4


Dungeon Overview and Level Annotations

Branches:
Dungeon (4/15)
 Temple: D:4-7

Altars:
Ashenzari
Qazlal

Shops:
D:1 :


Message History

You miss the adder.
The adder is lightly wounded.
The adder barely misses you.
You feel better. The adder barely misses you.
You closely miss the adder.
The adder is lightly wounded.
The adder bites you.
* * * LOW HITPOINT WARNING * * *
Unknown command.
You barely miss the adder.
The adder is lightly wounded.
You hit the adder.
The adder is moderately wounded.
The adder bites you but does no damage.
You hit the adder.
The adder is moderately wounded.
The adder barely misses you.
You hit the adder.
The adder is heavily wounded.
The adder barely misses you.
You closely miss the adder.
The adder is heavily wounded.
The adder misses you.
You barely miss the adder.
The adder is heavily wounded.
You hit the adder but do no damage.
The adder is heavily wounded.
The adder bites you.
* * * LOW HITPOINT WARNING * * *
You completely miss the adder.
The adder is heavily wounded.
The adder bites you.
* * * LOW HITPOINT WARNING * * *
You hit the adder.
The adder is almost dead.
The adder closely misses you.
You barely miss the adder.
The adder is almost dead.
The adder bites you.
You die...

####..............#####.♣.....♣#.
..................# #.♣.###.♣#.
..................# #.♣.....♣#.
......#######..#..# #.'.._..'..
####### ##.#..#####.♣.....♣##
#........##♣.###.♣ ##..#....#
♣.....♣ ## ########.S#.##.#
♣+♣♣♣'♣ .#
#........@#.######.....# .#
#.........#.....##.....# .#
#.........#####.##.....# .#
#...............##.....#
.#######........###############
................#
................#
................#
.........########


You could see an adder.

Vanquished Creatures
  A water moccasin skeleton (D:4)
  An adder (D:3)
  A worm (D:2)
  4 dart slugs
  6 orcs
  7 bats
  4 endoplasms
  3 giant cockroaches
  5 goblins
  10 hobgoblins
  8 jackals
  A quokka (D:1)
  A ball python (D:2)
  3 frilled lizards
  4 kobolds
  A rat (D:2)
60 creatures vanquished.

Notes
Turn   | Place    | Note
-------+----------+-------------------------------------------
     0 | D:1      | zeram the Deep Elf Brigand began the quest for the Orb.
     0 | D:1      | Reached XP level 1. HP: 12/12 MP: 3/3
   298 | D:1      | Reached skill level 5 in Stealth
   446 | D:1      | Reached XP level 2. HP: 16/16 MP: 4/4
   879 | D:1      | Found Keplocadabu's Book Emporium.
  1589 | D:2      | Reached skill level 6 in Stealth
  1634 | D:2      | Reached XP level 3. HP: 14/20 MP: 5/5
  3127 | D:3      | Reached XP level 4. HP: 12/25 MP: 6/6
  3307 | D:3      | Reached skill level 7 in Stealth
  3479 | D:3      | Found a broken altar of Ashenzari.
  3878 | D:3      | Found a stormy altar of Qazlal.
  4150 | D:4      | Reached XP level 5. HP: 29/29 MP: 7/7
  4187 | D:3      | Slain by an adder

Illustrated notes

Levels and vault maps discovered:
D:1:      ncdulo_wetmaze, layout_basic, shapermc_ecumenical_altar_petra,
          serial_shops, shop_statue, serial_park_tiny_2
D:2:      layout_rooms
D:3:      layout_basic, mainiacjoe_overflow_catwalk,
          mainiacjoe_overflow_six_doors_small
D:4:      layout_basic, minmay_temple_entry_glassed_door,
          uniq_crazy_yiuf_cottage, uniq_pikel, uniq_blork_the_orc

Skill      XL: |  1  2  3  4 |
---------------+-------------+-----
Stealth        | 5 6 7 |  7.9
Fighting       | |  1.5
Short Blades   | |  2.1
Throwing       | |  2.0
Dodging        | |  1.2

Action                   |  1- 3 |  4- 6 || total
-------------------------+-------+-------++-------
Melee: Dagger            |   165 |    61 ||   226
Throw: Dart              |     8 |       ||     8
  Use: Potion            |     1 |     3 ||     4
 Stab: Sleeping          |    13 |     8 ||    21
       Distracted        |     1 |       ||     1
Armor: Robe              |    28 |    17 ||    45
       Skin              |     8 |       ||     8
Dodge: Dodged            |    95 |    38 ||   133
